 Dungeon Crawl Stone Soup version 0.29.0-7-g18a832c13a (webtiles) character file.

Game seed: 6414999725572825290

239198 Bartlander the Blinker (level 19, -16/162 (167) HPs)
             Began as a Palentonga Warper on Aug 31, 2022.
             Was a High Priest of Okawaru.
             Killed by the raging water
             ... invoked by a water nymph
              (28 damage)
             ... on level 4 of the Shoals on Sept 1, 2022.
             The game lasted 06:00:57 (65295 turns).

Bartlander the Blinker (Palentonga Warper)         Turns: 65295, Time: 06:00:58

HP:   -16/162 (167) AC: 45    Str: 29    XL:     19   Next: 1%
MP:   13/31         EV:  2    Int: 20    God:    Okawaru [*****.]
Gold: 3623          SH: 23    Dex:  6    Spells: 17/34 levels left

rFire   + . .      SeeInvis +   S - +5 demon whip (vorpal)
rCold   + . .      Faith    .   w - +4 tower shield of the Pits of Slime {rF+ Int+3}
rNeg    . . .      Spirit   .   x - +7 plate armour "Narain" {rPois Str+8 Dex-4}
rPois   +          Reflect  +   g - +2 hat
rElec   .          Harm     .   y - +2 cloak
rCorr   .          Rampage  .   s - +1 pair of gloves {hurl}
Will    ++...                   n - +3 barding
Stlth   ..........              I - amulet of reflection
HPRegen 0.37/turn               V - ring of protection from cold
MPRegen 0.22/turn               m - ring of willpower

@: mesmerised, studying Ice Magic, lightly drained, curled up, very slow
A: large, rugged brown scales 3, see invisible, deformed body, roll 1, armoured
tail, reflexive curl, shaggy fur 1
}: 1/15 runes: gossamer
a: Rolling Charge, Renounce Religion, Heroism, Finesse, Duel


You were on level 4 of the Shoals.
You worshipped Okawaru.
Okawaru was extremely pleased with you.
You visited 7 branches of the dungeon, and saw 32 of its levels.
You also visited: Ice Cave.

You collected 4765 gold pieces.
You spent 1142 gold pieces at shops.

Inventory:

Hand Weapons
 a - the +3 flail "Urheomni" {antimagic, rC+ Will+ Int-2}
   (You found it on level 1 of the Lair of Beasts)

   It reduces the magical energy of the wielder, and disrupts the spells and
   magical abilities of those it strikes.
   Natural abilities and divine invocations are not affected.
   Int:       It affects your intelligence (-2).
   rC:        It protects you from cold.
   Will:      It increases your willpower.
 b - a +5 flail of protection
 N - a +2 dire flail
 S - a +5 vorpal demon whip (weapon)
Missiles
 i - 4 throwing nets
 r - 4 silver boomerangs
 B - a boomerang of dispersal
 J - 26 poisoned darts
 M - 25 boomerangs (quivered)
 O - 6 silver javelins
Armour
 g - a +2 hat (worn)
 n - a +3 barding (worn)
 o - a +1 hat of intelligence
 s - a +1 pair of gloves of hurling (worn)
 w - the +4 tower shield of the Pits of Slime (worn) {rF+ Int+3}
   (You acquired it on level 14 of the Dungeon)

   Int:       It affects your intelligence (+3).
   rF:        It protects you from fire.
 x - the +7 plate armour "Narain" (worn) {rPois Str+8 Dex-4}
   (You found it on level 5 of the Lair of Beasts)

   Str:       It affects your strength (+8).
   Dex:       It affects your dexterity (-4).
   rPois:     It protects you from poison.
 y - a +2 cloak (worn)
 A - the +3 barding of the Endless Expanse {rElec rF- Regen+}
   (Okawaru gifted it to you on level 1 of the Depths)

   rF:        It makes you vulnerable to fire.
   rElec:     It insulates you from electricity.
   Regen:     It increases your rate of health regeneration.
Jewellery
 e - the ring of the Dozen Blessings {rElec rN+ EV+4}
   (You acquired it on level 1 of the Dungeon)

   [ring of evasion]

   EV:        It affects your evasion (+4).
   rElec:     It insulates you from electricity.
   rN:        It protects you from negative energy.
 j - a +6 ring of strength
 k - a +6 ring of intelligence
 m - a ring of willpower (right hand)
 z - an amulet of guardian spirit
 D - a +6 ring of intelligence
 G - the amulet "Icuv" {Faith Fragile rElec rC+++ Regen+ Slay-3}
   (You took it off a spriggan air mage on level 1 of the Depths)

   [amulet of faith]

   It allows you to gain divine favour quickly.
   Slay:      It affects your accuracy & damage with ranged weapons and melee
   (-3).
   rC:        It renders you almost immune to cold.
   rElec:     It insulates you from electricity.
   Regen:     It increases your rate of health regeneration.
   Fragile:   It will be destroyed if unequipped.
 I - an amulet of reflection (around neck)
 U - an amulet of regeneration
 V - a ring of protection from cold (left hand)
 X - a ring of protection from cold
 Y - a ring of resist corrosion
Wands
 c - a wand of flame (78)
 t - a wand of mindburst (29)
 C - a wand of digging (5)
 F - a wand of quicksilver (1)
 R - a wand of iceblast (1)
Scrolls
 f - 3 scrolls of fear
 p - 9 scrolls of amnesia
 u - 9 scrolls of poison
 L - 3 scrolls of teleportation
 P - 11 scrolls of identify
 Q - 3 scrolls of magic mapping
Potions
 d - a potion of lignification
 h - 5 potions of flight
 v - 6 potions of brilliance
 E - 9 potions of mutation
 T - 4 potions of resistance
Miscellaneous
 l - a tin of tremorstones (inert)


   Skills:
 * Level 15.9 Fighting
 + Level 15.6 Maces & Flails
 - Level 0.6 Throwing
 + Level 11.2 Armour
 - Level 3.6 Dodging
 * Level 10.2 Shields
 - Level 8.0 Spellcasting
 - Level 19.0 Translocations
 + Level 7.0 Invocations
 + Level 5.1 Evocations


You had 17 spell levels left.
You knew the following spells:

 Your Spells              Type           Power      Damage    Failure   Level
a - Blink                 Tloc           100%       N/A       1%          2
b - Teleport Other        Tloc           71%        N/A       1%          3
c - Apportation           Tloc           100%       N/A       1%          1
d - Dispersal             Tloc           35%        N/A       16%         6
e - Manifold Assault      Tloc           71%        N/A       2%          5

Your spell library contained the following spells:

 Spells                   Type           Power      Damage    Failure   Level
 Gell's Gravitas          Tloc           71%        N/A       1%          3
 Lesser Beckoning         Tloc           71%        N/A       1%          3
 Portal Projectile        Hex/Tloc       92%        N/A       14%         3
 Freeze                   Ice            32%        1d5       94%         1
 Sting                    Tmut/Pois      32%        1d4       94%         1
 Ensorcelled Hibernation  Hex/Ice        16%        N/A       98%         2
 Passwall                 Tmut/Erth      6%         N/A       98%         2
 Frozen Ramparts          Ice            16%        1d3       100%        3
 Mephitic Cloud           Conj/Pois/Air  8%         N/A       100%        3
 Ozocubu's Armour         Ice            8%         N/A       100%        3
 Spider Form              Tmut/Pois      8%         N/A       100%        3
 Anguish                  Hex/Necr       4%         N/A       100%        4
 Hailstorm                Conj/Ice       8%         3d4       100%        4
 Leda's Liquefaction      Hex/Erth       4%         N/A       100%        4
 Sticky Flame             Conj/Fire      8%         2d3       100%        4
 Alistair's Intoxication  Tmut/Pois      5%         N/A       100%        5
 Blade Hands              Tmut           4%         N/A       100%        5
 Borgnjor's Vile Clutch   Necr/Erth      4%         N/A       100%        5
 Irradiate                Conj/Tmut      4%         3d13      100%        5
 Lee's Rapid Deconstruct  Erth           4%         3d6*      100%        5
 Eringya's Noxious Bog    Tmut/Pois      4%         N/A       100%        6
 Statue Form              Tmut/Erth      5%         N/A       100%        6
 Dragon Form              Tmut           4%         N/A       100%        7
 Ozocubu's Refrigeration  Ice            4%         4d8       100%        7
 Storm Form               Tmut/Air       4%         N/A       100%        7
 Shatter                  Erth           4%         3d7*      100%        9
 Summon Forest            Summ/Tloc      Unusable   N/A       N/A         5
 Summon Guardian Golem    Hex/Summ       Unusable   N/A       N/A         3
 Tukima's Dance           Hex            Unusable   N/A       N/A         3
 Animate Armour           Summ/Erth      Unusable   N/A       N/A         4
 Summon Ice Beast         Ice/Summ       Unusable   N/A       N/A         4
 Summon Cactus Giant      Summ           Unusable   N/A       N/A         6
 Spellforged Servitor     Conj/Summ      Unusable   N/A       N/A         7
 Summon Hydra             Summ           Unusable   N/A       N/A         7

Dungeon Overview and Level Annotations

Branches:
Dungeon (15/15)            Temple (1/1) D:5            Lair (5/5) D:11
 Shoals (4/4) Lair:3       Spider (4/4) Lair:2        Slime (0/5) Lair:5
    Orc (2/2) D:10            Elf (0/3) Orc:2        Vaults (0/5) D:13
 Depths (1/4) D:15          IceCv (visited)

Altars:
Ashenzari
Cheibriados
Dithmenos
Elyvilon
Fedhas
Gozag
Hepliaklqana
Kikubaaqudgha
Makhleb
Nemelex Xobeh
Okawaru
Qazlal
Ru
Sif Muna
Trog
Uskayaw
Vehumet
Wu Jian
Xom
Yredelemnul
Zin
The Shining One
Jiyva

Shops:
D:6 *   Orc:2 [[??   Shoals:2 (   Shoals:3 (

Portals:
Hell: Depths:1

Annotations:
D:4 2 transporters
Lair:3 2 transporters, exclusions: ice statue and oklob plant, Foabaekk's ghost, journeyman GrMo
Shoals:1 1 runed translucent door, Ijustatesigmund's ghost, adept MiFi
Depths:1 3 runed translucent doors, Viocziel's ghost, adept TrMo


Innate Abilities, Weirdness & Mutations

You are completely covered in rugged brown scales. (AC +3, +7% HP)
You have supernaturally acute eyesight. (SInv)
Armour fits poorly on your strangely shaped body.
You can roll at nearby foes to attack.
You have a long armoured tail.
You curl defensively after being hit. (AC +7*)
You are covered in fur. (AC +1)


Message History

The water nymph casts a spell at you. The water swirls and strikes you!
* * * LOW HITPOINT WARNING * * *
The water nymph shouts!
The merfolk avatar chants a haunting song.
You resist.
The manticore flicks its tail.
The volley of spikes hits you but does no damage.
Splash!
You fall into the shallow water.
Moving in this stuff is going to be slow.
The water nymph points at you and mumbles some strange words.
The water swirls and strikes you.
* * * LOW HITPOINT WARNING * * *
Things that are here:
a +0 trident; a merfolk skeleton The water nymph attacks as you move away!
The water nymph touches you. The water nymph drowns you!
* * * LOW HITPOINT WARNING * * *
Splash!
You fall into the shallow water.
Moving in this stuff is going to be slow.
The water nymph gestures at you while chanting.
The water swirls and strikes you.
* * * LOW HITPOINT WARNING * * *
The water nymph's watery aura covers the stone staircase leading up.
Casting: Blink (safe; 1% risk of failure)
Confirm with . or Enter, or press ? or * to list all spells.
Casting: Dispersal (dangerous; 16% risk of failure)
Press: ? - help, Dir - look around, f - activate The water nymph blinks!
The manticore blinks!
The manticore appears confused.
The merfolk avatar chants a haunting song.
You are mesmerised by the merfolk avatar!
The water nymph gestures at you while chanting.
The water swirls and strikes you!!
* * * LOW HITPOINT WARNING * * *
The merfolk avatar chants its luring song.
The water nymph points at you and mumbles some strange words.
The water swirls and strikes you!!
You die...

##.#.#.###...~~≈≈≈≈≈≈
#≈..~≈##~...~~≈≈≈≈≈≈
##.#~#~###..~~~≈≈≈≈≈≈
#~.~≈~~[##.~~~~≈≈≈≈≈≈
.~~~###.#..~~~~≈≈≈≈≈≈≈
....## ##....~~~≈≈≈≈≈≈≈≈≈≈
....#~~##..))~~~m≈≈≈≈≈≈≈≈≈
......~~~~~~§~~~~≈≈≈≈≈≈≈≈≈
.. ~...~~~mm@~~~~≈≈≈≈≈≈≈≈≈
.~[~~~~~.~.~)~≈≈≈≈≈≈≈≈≈
~~~~≈≈~~~.H~~~~≈≈≈≈≈≈≈≈
~~≈≈≈≈≈~..~~~~~~≈≈≈≈≈≈≈
≈≈≈≈≈≈≈~...#.~~~≈≈≈≈≈≈≈
≈≈≈≈≈≈≈~...#[~~~≈≈≈≈≈≈≈
≈≈≈≈≈≈~.....~~~≈≈≈≈≈≈≈
≈≈≈≈≈~~~...~~~≈≈≈≈≈≈≈≈
≈~≈~≈≈~~.~~~~≈≈≈≈≈≈≈≈


You could see a merfolk avatar (mesmerising), a manticore (confused) and 2 water
nymphs.

Vanquished Creatures
  An ancient lich (Depths:1)
  Arachne (Spider:4)
  Jorgrun (Spider:1)
  Rupert (D:14)
  A lich (Depths:1)
  Gastronok (Lair:2)
  Agnes (D:14)
  Frances (Spider:1)
  Ilsuiw (Arena)
  Donald (Orc:2)
  A frost giant (Depths:1)
  2 deep elf sorcerers (Depths:1)
  An orc warlord (Orc:1)
  Louise (Spider:1)
  8 ghost moths
  4 emperor scorpions
  4 very ugly things (Depths:1)
  3 stone giants (Depths:1)
  3 broodmothers
  A vampire knight (Depths:1)
  2 entropy weavers
  4 spark wasps
  2 fire dragons (Depths:1)
  7 merfolk impalers
  Snorg (Lair:5)
  8 merfolk javelineers
  Harold (Lair:2)
  Erolcha (Orc:2)
  5 hydras
  An alligator snapping turtle (Shoals:2)
  6 boulder beetles
  A vault guard (D:13)
  3 jorogumos
  7 centaur warriors
  5 spriggan air magi (Depths:1)
  2 catoblepae (Lair:5)
  5 merfolk avatars
  Erica (D:9)
  7 two-headed ogres
  A satyr (Shoals:3)
  6 deep troll earth magi (Depths:1)
  14 death yaks
  2 merfolk aquamancers (Shoals:2)
  3 vampire magi
  2 radroaches
  2 orc high priests
  Amaemon (D:10)
  An iron troll (Depths:1)
  5 skeletal warriors
  7 steelbarb worms
  15 sea snakes
  3 pharaoh ants
  2 deep trolls (Depths:1)
  10 orb spiders
  4 lindwurms
  A necromancer (D:15)
  A golden dragon skeleton (D:15)
  9 orc knights (Orc:2)
  9 harpies
  A harpy (shapeshifter) (D:15)
  2 wizards (Depths:1)
  A tengu skeleton (D:15)
  21 wolf spiders
  7 manticores
  4 deep elf pyromancers
  4 orc sorcerers (Orc:2)
  7 cyclopes
  15 elephants
  8 fauns
  22 ugly things
  10 merfolk sirens
  A guardian serpent (shapeshifter) (D:14)
  A fire giant skeleton (D:15)
  2 moths of wrath
  2 water nymphs
  The ghost of unrecovered the Chiller, a novice DrIE of Ru (D:6)
  7 torpor snails
  3 black mambas (Lair:5)
  13 cane toads
  An orange demon (D:10)
  5 tengu conjurers (Depths:1)
  An unseen horror (D:10)
  6 rime drakes
  A kobold demonologist (D:10)
  11 komodo dragons
  4 demonic crawlers
  6 freezing wraiths
  8 ice devils (IceCv)
  An anaconda simulacrum (IceCv)
  A queen bee (D:14)
  3 efreet
  A queen bee (shapeshifter) (D:14)
  14 trolls
  A hornet (D:9)
  12 meliai
  5 wind drakes
  23 merfolk
  2 polar bears
  10 slime creatures (D:12)
  8 saltlings (Orc:2)
  5 blink frogs
  Grinder (D:4)
  45 tarantellas
  6 dream sheep
  4 snapping turtles
  Prince Ribbit (D:6)
  37 jumping spiders
  27 culicivoras
  A shadow (D:10)
  5 dire elephant simulacra (IceCv)
  4 wraiths
  Sigmund (D:3)
  7 wyverns
  Eustachio (D:5)
  3 vampires
  10 water elementals
  53 yaks
  11 humans (D:13)
  2 steam dragons
  6 basilisks
  A harpy simulacrum (IceCv)
  53 redbacks
  6 wargs
  15 vampire mosquitoes
  Edmund (D:4)
  4 death yak simulacra (IceCv)
  17 water moccasins
  A tengu zombie (D:15)
  3 acid dragons
  28 orc warriors
  2 sky beasts
  3 ice beasts
  2 black bears
  3 boggarts (D:15)
  10 ogres
  14 centaurs
  17 wolves
  A phantom (D:3)
  4 kobold brigands
  11 bullfrogs
  A necrophage (D:5)
  A gnoll sergeant (D:10)
  A cane toad simulacrum (IceCv)
  2 two-headed ogre simulacra (IceCv)
  5 scorpions
  3 elephant simulacra (IceCv)
  21 killer bees (D:14)
  2 electric eels (Lair:4)
  9 howler monkeys
  4 hounds
  14 jellies
  14 orc priests
  4 iguanas
  Ijyb (D:4)
  Natasha (thrice) (D:4)
  17 orc wizards
  4 polar bear simulacra (IceCv)
  A spriggan simulacrum (IceCv)
  A troll simulacrum (IceCv)
  4 wolf simulacra (IceCv)
  7 gnolls
  7 adders
  A naga simulacrum (IceCv)
  2 white imps
  2 ufetubi (D:5)
  4 worms
  3 dart slugs (D:5)
  55 orcs
  3 ball pythons
  2 endoplasms
  3 giant cockroaches
  7 goblins
  8 hobgoblins
  2 jackals (D:5)
  15 kobolds
  7 quokkas
  4 bats
  2 frilled lizards
  2 rats
  A butterfly (Lair:2)
  5 pillars of salt (Orc:2)
1141 creatures vanquished.

Vanquished Creatures (others)
  34 fungi
  11 pillars of salt (Orc:2)
  77 plants
  5 withered plants (D:15)
127 creatures vanquished.

Grand Total: 1268 creatures vanquished

Notes
Turn   | Place    | Note
-------+----------+-------------------------------------------
     0 | D:1      | Bartlander the Palentonga Warper began the quest for the
                  | Orb.
     0 | D:1      | Reached XP level 1. HP: 17/17 MP: 3/3
   229 | D:1      | Reached XP level 2. HP: 23/23 MP: 5/5
   306 | D:1      | Found a faded altar of an unknown god.
  1164 | D:1      | Identified a scroll of acquirement
  1164 | D:1      | Acquired the ring of the Dozen Blessings {rElec rN+ EV+4}
  1469 | D:1      | Reached XP level 3. HP: 26/28 MP: 6/6
  1919 | D:2      | Reached XP level 4. HP: 35/35 MP: 7/7
  2490 | D:2      | Learned a level 2 spell: Blink
  2503 | D:2      | Reached skill level 5 in Maces & Flails
  3045 | D:3      | Noticed a phantom
  3088 | D:3      | Killed a phantom
  3089 | D:3      | Reached XP level 5. HP: 17/40 MP: 2/8
  3291 | D:3      | Noticed Sigmund
  3472 | D:3      | Noticed an ogre
  3690 | D:3      | Killed an ogre
  3691 | D:3      | Reached XP level 6. HP: 22/47 MP: 7/9
  4481 | D:3      | Killed Sigmund
  4707 | D:4      | Noticed Edmund
  4857 | D:4      | Noticed Natasha
  4972 | D:4      | Gained mutation: You curl defensively after being hit. (AC
                  | +7*) [Palentonga growth]
  4972 | D:4      | Reached XP level 7. HP: 53/53 MP: 10/10
  5201 | D:4      | Killed Natasha
  5261 | D:4      | Noticed Natasha
  5271 | D:4      | Killed Natasha
  5364 | D:4      | Noticed Ijyb
  5387 | D:4      | Killed Ijyb
  5552 | D:4      | Noticed Grinder
  5677 | D:4      | Noticed Natasha
  5688 | D:4      | Killed Natasha
  5754 | D:4      | Killed Edmund
  6168 | D:4      | Found a transporter.
  6341 | D:4      | Paralysed by Grinder for 4 turns
  6348 | D:4      | Killed Grinder
  6349 | D:4      | Reached skill level 10 in Maces & Flails
  6349 | D:4      | Reached XP level 8. HP: 55/59 MP: 11/11
  6391 | D:4      | Found a transporter.
  6521 | D:5      | Entered Level 5 of the Dungeon
  6567 | D:5      | Noticed Eustachio
  6575 | D:5      | Killed Eustachio
  7023 | D:5      | Reached skill level 4 in Translocations
  7279 | D:5      | Found a staircase to the Ecumenical Temple.
  7285 | Temple   | Entered the Ecumenical Temple
  7571 | Temple   | Became a worshipper of Warmaster Okawaru
  7764 | D:6      | Found Kitzinla's General Store.
  7885 | D:6      | Bought a potion of curing for 42 gold pieces
  7957 | D:6      | Reached skill level 5 in Translocations
  7957 | D:6      | Reached XP level 9. HP: 65/65 MP: 12/12
  8212 | D:6      | Noticed unrecovered's ghost (novice DrIE)
  8278 | D:6      | Found a runed translucent door.
  8433 | D:6      | Noticed Prince Ribbit
  8447 | D:6      | Killed Prince Ribbit
  9253 | D:7      | Reached skill level 6 in Translocations
  9365 | D:7      | Reached * piety under Okawaru
 10689 | D:8      | Reached skill level 7 in Translocations
 10729 | D:8      | Found a snail-covered altar of Cheibriados.
 10774 | D:8      | Noticed a two-headed ogre
 10797 | D:8      | Killed a two-headed ogre
 10797 | D:8      | Reached ** piety under Okawaru
 10799 | D:8      | Reached XP level 10. HP: 53/71 MP: 10/13
 11062 | D:8      | Noticed a two-headed ogre
 11068 | D:8      | Killed a two-headed ogre
 11069 | D:8      | Reached skill level 8 in Translocations
 11440 | D:8      | Found a sparkling altar of Nemelex Xobeh.
 11450 | D:8      | Found a hazy altar of Hepliaklqana.
 11780 | D:8      | Reached *** piety under Okawaru
 11781 | D:8      | Reached skill level 9 in Translocations
 12313 | D:8      | Acquired 1275 gold pieces
 12350 | D:9      | Received a gift from Okawaru
 12708 | D:9      | Found a radiant altar of Vehumet.
 12988 | D:9      | Found a broken altar of Ashenzari.
 12988 | D:9      | Noticed Erica
 13350 | D:9      | Killed Erica
 13351 | D:9      | Reached skill level 10 in Translocations
 13384 | D:9      | Noticed a cyclops
 13389 | D:9      | HP: 2/71 [cyclops/large rock (30)]
 13805 | D:9      | Found a hide-covered altar of Uskayaw.
 14112 | D:10     | Entered Level 10 of the Dungeon
 14124 | D:10     | Reached **** piety under Okawaru
 14197 | D:10     | Reached XP level 11. HP: 64/77 MP: 14/14
 14757 | D:10     | Reached skill level 1 in Armour
 14798 | D:10     | Reached skill level 1 in Invocations
 14872 | D:10     | Noticed a two-headed ogre
 14919 | D:9      | HP: 4/118 [cyclops (21)]
 15283 | D:10     | Found a staircase to the Orcish Mines.
 15654 | D:10     | Noticed a two-headed ogre
 15672 | D:9      | Killed a two-headed ogre
 16094 | D:10     | Reached skill level 11 in Translocations
 16343 | D:10     | Noticed Amaemon
 16792 | D:6      | Bought a scroll of teleportation for 42 gold pieces
 16792 | D:6      | Bought a scroll of teleportation for 42 gold pieces
 16792 | D:6      | Bought a scroll of teleportation for 42 gold pieces
 16872 | D:6      | Killed unrecovered's ghost
 17329 | D:10     | Learned a level 3 spell: Teleport Other
 17387 | D:10     | Killed Amaemon
 17388 | D:10     | Reached skill level 5 in Fighting
 17760 | D:10     | Noticed a skeletal warrior
 17897 | D:10     | Noticed a broodmother
 17905 | D:10     | Noticed a great orb of eyes
 18285 | D:11     | Found a staircase to the Lair.
 18393 | D:11     | Reached ***** piety under Okawaru
 18750 | D:11     | Reached XP level 12. HP: 63/95 MP: 15/15
 19125 | D:11     | Identified the +1 robe "Mewunipi" {Rampage} (Okawaru gifted
                  | it to you on level 11 of the Dungeon)
 19125 | D:11     | Received a gift from Okawaru
 20069 | D:11     | Reached skill level 5 in Invocations
 20196 | D:12     | Noticed a two-headed ogre
 20198 | Arena    | Entered the Arena
 21091 | D:11     | Killed a two-headed ogre
 21258 | Lair:1   | Entered Level 1 of the Lair of Beasts
 21307 | Lair:1   | Noticed a seven-headed hydra
 21315 | Lair:1   | Killed a seven-headed hydra
 21328 | Lair:1   | Identified the +3 flail "Urheomni" {antimagic, rC+ Will+
                  | Int-2}
 21489 | Lair:1   | Noticed a seven-headed hydra
 21497 | Lair:1   | Killed a seven-headed hydra
 21498 | Lair:1   | Reached skill level 12 in Translocations
 22930 | Lair:1   | Reached skill level 5 in Armour
 23600 | Lair:2   | Noticed Gastronok
 23663 | Lair:2   | Killed Gastronok
 24053 | Lair:2   | Reached XP level 13. HP: 97/108 MP: 3/17
 24245 | Lair:2   | Noticed Harold
 24265 | Lair:2   | Killed Harold
 24455 | Lair:2   | Found a hole to the Spider Nest.
 25912 | Lair:3   | Found a transporter.
 25912 | Lair:3   | Found a transporter.
 25920 | Lair:3   | Noticed Foabaekk's ghost (journeyman GrMo)
 26313 | Lair:3   | Found a staircase to the Shoals.
 26802 | Lair:3   | Reached skill level 13 in Translocations
 27184 | Lair:3   | Reached skill level 10 in Fighting
 28093 | Lair:3   | Received a gift from Okawaru
 28398 | Lair:3   | Learned a level 1 spell: Apportation
 28405 | Lair:3   | Learned a level 6 spell: Dispersal
 28411 | Lair:3   | Learned a level 5 spell: Manifold Assault
 28985 | Lair:4   | You fall into a shaft and drop 1 floor!
 28985 | Lair:5   | Entered Level 5 of the Lair of Beasts
 29133 | Lair:5   | Reached XP level 14. HP: 106/120 MP: 6/20
 29454 | Lair:5   | Reached skill level 14 in Translocations
 29479 | Lair:5   | Identified the +7 plate armour "Narain" {rPois Str+8 Dex-4}
 29685 | Lair:5   | Received a gift from Okawaru
 30266 | Lair:5   | Noticed Snorg
 30283 | Lair:5   | Killed Snorg
 30445 | Lair:5   | Identified the +2 quarterstaff "Umuiciryag" {freeze, +Blink
                  | rN+} (Okawaru gifted it to you on level 5 of the Lair of
                  | Beasts)
 30445 | Lair:5   | Received a gift from Okawaru
 30621 | Lair:5   | Found a staircase to the Slime Pits.
 30687 | Lair:5   | Found a viscous altar of Jiyva.
 32929 | D:13     | Found a frozen archway.
 32933 | IceCv    | Entered an ice cave
 33198 | IceCv    | Found an ancient bone altar of Kikubaaqudgha.
 33246 | IceCv    | Reached skill level 1 in Shields
 33253 | IceCv    | Reached skill level 15 in Translocations
 33637 | IceCv    | Received a gift from Okawaru
 33990 | IceCv    | Reached XP level 15. HP: 121/130 MP: 7/21
 34762 | D:13     | Found a gate to the Vaults.
 34854 | D:14     | Found a glowing golden altar of the Shining One.
 35151 | D:14     | Noticed Rupert
 35169 | D:14     | Killed Rupert
 35358 | D:14     | Reached ****** piety under Okawaru
 35365 | D:14     | Acquired the +4 tower shield of the Pits of Slime {rF+
                  | Int+3}
 35430 | D:14     | Noticed Agnes
 35449 | D:14     | Killed Agnes
 35660 | D:14     | Received a gift from Okawaru
 35753 | D:14     | Identified the +8 shortbow of the Shimmering Hawk {freeze,
                  | rPois Str+4}
 36580 | D:15     | Entered Level 15 of the Dungeon
 36947 | D:15     | Identified the +5 dagger "Murucaz" {pain, rN+ Dex+7 Stlth+}
 37340 | D:15     | Found a bloodstained altar of Trog.
 37955 | D:15     | Reached skill level 5 in Shields
 37962 | D:15     | Found a staircase to the Depths.
 38312 | D:15     | Reached skill level 15 in Maces & Flails
 38777 | Orc:1    | Entered Level 1 of the Orcish Mines
 38785 | D:10     | Received a gift from Okawaru
 39794 | Orc:2    | Entered Level 2 of the Orcish Mines
 40605 | Orc:2    | Reached skill level 16 in Translocations
 40612 | Orc:2    | Noticed an orc warlord
 40684 | Orc:1    | Killed an orc warlord
 40877 | Orc:2    | Noticed Erolcha
 40879 | Orc:2    | Killed Erolcha
 41059 | Orc:2    | Found a staircase to the Elven Halls.
 41457 | Orc:2    | Noticed Donald
 41540 | Orc:2    | Killed Donald
 41541 | Orc:2    | Reached XP level 16. HP: 114/141 MP: 0/22
 42254 | Orc:2    | Found Tiur's Antique Armour Shoppe.
 42257 | Orc:2    | Found Irahuobb's Magic Scroll Shoppe.
 42470 | Orc:2    | Found Zaozikh's Armour Shoppe.
 42571 | Orc:2    | Found Jottyomo's Magic Scroll Boutique.
 42694 | Orc:2    | Bought a scroll of teleportation for 36 gold pieces
 42694 | Orc:2    | Bought a scroll of teleportation for 36 gold pieces
 42694 | Orc:2    | Bought a scroll of teleportation for 36 gold pieces
 42694 | Orc:2    | Bought a scroll of fear for 48 gold pieces
 42714 | Orc:2    | Bought a scroll of brand weapon for 114 gold pieces
 42714 | Orc:2    | Bought a scroll of teleportation for 36 gold pieces
 42718 | Orc:2    | Bought a pair of runed gloves for 247 gold pieces
 42718 | Orc:2    | Bought a dazzling chain mail for 313 gold pieces
 42718 | Orc:2    | Identified the +0 chain mail of the Jabberwock {Contam Harm
                  | +Blink rCorr} (You bought it in a shop on level 2 of the
                  | Orcish Mines)
 42999 | Spider:1 | Entered Level 1 of the Spider Nest
 43657 | Spider:1 | Received a gift from Okawaru
 43734 | Spider:1 | Noticed Frances
 43778 | Spider:1 | Killed Frances
 45352 | Spider:1 | Noticed Louise
 45380 | Spider:1 | Killed Louise
 45799 | Spider:1 | Noticed Jorgrun
 45825 | Spider:1 | Killed Jorgrun
 46715 | Spider:2 | Reached skill level 5 in Spellcasting
 46886 | Spider:2 | Reached skill level 10 in Armour
 47054 | Spider:2 | Reached skill level 17 in Translocations
 48377 | Arena    | Entered the Arena
 48824 | Spider:2 | Reached XP level 17. HP: 112/149 MP: 8/25
 50090 | Spider:4 | Entered Level 4 of the Spider Nest
 50862 | Spider:4 | Got Asope's Octavo of the Terrestrial Figure
 50943 | Spider:4 | Noticed Arachne
 51276 | Spider:4 | Received a gift from Okawaru
 51276 | Spider:4 | Found the +10 tower shield of Ignorance {rN+ Int-4}
 52009 | Spider:4 | Gained mutation: You are covered in fur. (AC +1) [mutagenic
                  | glow]
 52201 | Spider:4 | Reached skill level 18 in Translocations
 52425 | Spider:4 | Killed Arachne
 52928 | Spider:4 | Got a gossamer rune of Zot
 53258 | Shoals:1 | Entered Level 1 of the Shoals
 53625 | Shoals:1 | Reached skill level 15 in Fighting
 53745 | Shoals:1 | Found a runed translucent door.
 53745 | Shoals:1 | Found a shimmering altar of Xom.
 53745 | Shoals:1 | Noticed Ijustatesigmund's ghost (adept MiFi)
 53884 | Shoals:1 | Found an ancient bone altar of Kikubaaqudgha.
 55118 | Shoals:2 | Noticed Ilsuiw
 55892 | Depths:1 | Entered Level 1 of the Depths
 55901 | Depths:1 | Reached XP level 18. HP: 141/159 MP: 28/28
 56139 | Depths:1 | Found a gateway to Hell.
 56159 | Depths:1 | Found a broken altar of Ashenzari.
 56269 | Depths:1 | Identified the +3 barding of the Endless Expanse {rElec rF-
                  | Regen+} (Okawaru gifted it to you on level 1 of the Depths)
 56269 | Depths:1 | Received a gift from Okawaru
 56270 | Depths:1 | Reached skill level 1 in Evocations
 57103 | Depths:1 | Found a runed translucent gate.
 57103 | Depths:1 | Found a runed translucent gate.
 57103 | Depths:1 | Found a runed translucent gate.
 57106 | Depths:1 | Noticed Viocziel's ghost (adept TrMo)
 58058 | Depths:1 | Identified the amulet "Icuv" {Faith Fragile rElec rC+++
                  | Regen+ Slay-3}
 58072 | Depths:1 | Found a shimmering blue altar of Sif Muna.
 58138 | Depths:1 | Noticed a lich
 58176 | Depths:1 | Noticed a lich
 58580 | Depths:1 | Killed a lich
 58771 | Depths:1 | Got the Papyrus of Minerals and Glaciation
 58780 | Depths:1 | Noticed an ancient lich
 58803 | Depths:1 | Killed an ancient lich
 59382 | Depths:1 | Got the Handbook of Heated Companions
 59397 | Depths:1 | Got Sif Muna's Compendium of the Rocks and the Assassin
 59399 | Depths:1 | Got the Excursus on the Allied Nimbus
 59414 | Depths:1 | Noticed an ancient lich
 60293 | Shoals:2 | Reached skill level 19 in Translocations
 60715 | Arena    | Entered the Arena
 60742 | Arena    | Entered the Arena
 60754 | Arena    | Killed Ilsuiw
 61344 | Shoals:2 | Received a gift from Okawaru
 61580 | Shoals:2 | Found Lozxam's Weapon Emporium.
 61588 | Shoals:2 | Bought 2 throwing nets for 108 gold pieces
 62924 | Shoals:3 | Reached skill level 10 in Shields
 63002 | Shoals:3 | Found Ujinao's Antique Weapon Shoppe.
 63282 | Shoals:4 | Entered Level 4 of the Shoals
 64520 | Shoals:4 | Reached skill level 5 in Evocations
 65030 | Shoals:4 | Reached XP level 19. HP: 134/160 MP: 31/31
 65295 | Shoals:4 | Killed from afar by a water nymph

Illustrated notes

Levels and vault maps discovered:
D:1:      erik_arrival_cave_to_civilisation [erik_arrival_cave_to_hall],
          layout_basic, dreamdust_ecumenical_altar_statues
D:2:      layout_rooms
D:3:      layout_basic, feat_on_display, uniq_sigmund
D:4:      layout_loops_ring, gammafunk_ghost_gnarly_gnolls, uniq_edmund,
          uniq_ijyb, uniq_natasha, uniq_grinder
D:5:      cheibrodos_helix_gallery, layout_loops_ring,
          minmay_temple_entry_enclosed_plants, uniq_eustachio
D:6:      layout_cave_pods, hellmonk_ghost_happy_afterlife, serial_shops,
          nicolae_shop_waterfront, uniq_prince_ribbit1
D:7:      layout_layer_cave, kennysheep_windowed_goal
D:8:      layout_loops_corners, mainiacjoe_overflow_big_doors,
          mainiacjoe_overflow_cross_hatched, enter_bailey_3
D:9:      layout_cave_pools, mainiacjoe_overflow_24_doors,
          mainiacjoe_overflow_tiny_flanked, old_standard_altar,
          wad_floor_pattern_untrapped, kennysheep_generic_room_11, uniq_erica
D:10:     minmay_polygon_palace, layout_loops_ring,
          kennysheep_orc_monster_closet_entryway, grunt_tough_drop, uniq_amaemon
D:11:     layout_grid_maze, lair_entry_dummy, serial_co_window_serial,
          co_window_corner_a, co_window_paths_a, co_window_corner_a,
          co_window_paths_a, co_window_of_opportunity_a, co_window_corner_a,
          co_window_corner_a, co_window_of_opportunity_a, co_window_corner_a,
          co_window_corner_b, co_window_unsneaky_path_d, co_window_paths_c,
          co_window_paths_d, glass_columns_a, glass_columns_c, glass_columns_a,
          glass_columns_a
D:12:     layout_rooms, serial_curves, eino_curves_04, eino_curves_02
D:13:     layout_loops_ring, ximxim_vaults_locker_room,
          portal_ice_cave_entry_pillars_2
D:14:     layout_roguey [special_room_bee], lemuel_crystal_altar, uniq_rupert,
          uniq_agnes
D:15:     gammafunk_depths_entry_grave, layout_rooms, bloody_trog
Temple:   eino_temple_rhombus
Lair:1:   layout_cave_pods
Lair:2:   layout_loops_ring, spider_nest_entry_a, lemuel_fruit_fields,
          uniq_gastronok, uniq_harold
Lair:3:   layout_regular_city, elwin_shoals_entry_stream, nzn_ghost_randoct,
          st_stairs_7, grunt_megastairs_3
Lair:4:   layout_cave_pods, serial_bayou_shore_a
Lair:5:   hangedman_lair_in_review, layout_gridlike,
          minmay_slime_entry_jelly_boxes, nicolae_quartered_pool_little,
          lemuel_fruit_fields, uniq_snorg
Shoals:1: layout_shoals, ebering_ghost_xom, lemuel_centaur_altar
Shoals:2: layout_shoals, serial_shops, nicolae_shop_bloodbath_and_beyond,
          uniq_ilsuiw
Shoals:3: layout_shoals, serial_shops, nicolae_shop_overgrown_old_shop
Shoals:4: shoals_end_hangedman, layout_shoals, shoals_ilsuiw_ice
Spider:1: layout_spider_delve, hangedman_spider_tarantella_strand, uniq_frances,
          uniq_jorgrun, uniq_louise
Spider:2: layout_spider_delve
Spider:3: layout_spider_delve
Spider:4: grunt_spider_rune_parallel, uniq_arachne
Orc:1:    layout_caves, basic_altar
Orc:2:    hellmonk_orc_salted, layout_diamond_mine, uniq_donald, uniq_erolcha
Depths:1: evilmike_library_of_no_secrets, layout_gridlike,
          ebering_ghost_rock_garden, hell_entry, evilmike_ruin_ashenzari

Skill      XL: |  1  2  3  4  5  6  7  8  9 10 11 12 13 14 15 16 17 18 |
---------------+-------------------------------------------------------+-----
Maces & Flails | 3 4 5 6 7 10 11 12 14 15 | 15.6
Translocations | 5 7 10 11 12 13 15 16 17 18 19 | 19.0
Armour         | 3 5 7 9 10 11 | 11.2
Invocations    | 4 6 7 |  7.0
Fighting       | 6 9 11 12 13 14 15 | 15.9
Spellcasting   | 3 4 5 7 8 |  8.0
Shields        | 1 5 6 8 10 | 10.2
Dodging        | 2 3 |  3.6
Evocations     | 5 |  5.1
Throwing       | |  0.6

Action                   |  1- 3 |  4- 6 |  7- 9 | 10-12 | 13-15 | 16-18 | 19-21 || total
-------------------------+-------+-------+-------+-------+-------+-------+-------++-------
Melee: Mace              |    72 |    94 |   119 |       |       |       |       ||   285
       Tailslap          |     9 |    12 |    37 |   146 |   432 |   438 |     2 ||  1076
       Flail             |       |       |   216 |   810 |  2372 |  1659 |       ||  5057
       Demon whip        |       |       |       |       |       |  1010 |    20 ||  1030
Throw: Boomerang         |       |     7 |    35 |    16 |     7 |   145 |     5 ||   215
       Throwing net      |       |     2 |       |       |     5 |       |       ||     7
       Dart              |       |     4 |    44 |    62 |    95 |    13 |       ||   218
 Cast: Blink             |       |     5 |       |     8 |    25 |    22 |     2 ||    62
       Teleport Other    |       |       |       |     1 |       |     1 |       ||     2
       Manifold Assault  |       |       |       |       |       |     6 |       ||     6
       Dispersal         |       |       |       |       |       |     1 |     3 ||     4
Invok: Heroism           |       |       |     1 |    23 |    36 |    50 |       ||   110
       Finesse           |       |       |       |     4 |     5 |     4 |       ||    13
       Duel              |       |       |       |     1 |       |     3 |       ||     4
 Abil: Rolling Charge    |    14 |    18 |    52 |    51 |   125 |   206 |     3 ||   469
Evoke: Wand              |       |     2 |     1 |     9 |    27 |    11 |       ||    50
       Tin of tremorston |       |       |       |       |       |     3 |     2 ||     5
  Use: Scroll            |     7 |     7 |    10 |    11 |    13 |    21 |       ||    69
       Potion            |     1 |       |       |     4 |    11 |    19 |       ||    35
Armor: Leather armour    |    25 |    42 |       |       |       |       |       ||    67
       Chain mail        |       |     6 |   130 |   137 |       |       |       ||   273
       Plate armour      |       |       |       |   244 |  1461 |  1972 |    29 ||  3706
Dodge: Dodged            |    51 |    38 |    64 |   139 |   415 |   552 |     5 ||  1264
Block: Buckler           |       |     2 |    40 |   224 |   319 |       |       ||   585
       Reflection        |       |       |     1 |     2 |    22 |   102 |     2 ||   129
       Tower shield      |       |       |       |       |   750 |  2848 |    47 ||  3645
